MID
GREENVILLE DRIVE @ CEDAR RAPIDS KERNELS
08/30/2046
 
TOP OF THE 1ST
Greenville Drive batting - Pitching for Cedar Rapids Kernels : LHP David Gordon
Pitching: LHP David Gordon
Batting: RHB David Norum 0-0: Ball
1-0: Called Strike
1-1: Foul Ball, location: 2F
1-2: Foul Ball, location: 2F
1-2: Strikes out swinging
Batting: SHB Carter Cromsie 0-0: Ball
1-0: Called Strike
1-1: Foul Ball, location: 2F
1-2: Ball
2-2: Ball
3-2: Base on Balls
Batting: RHB Larry Brocato 0-0: Ball
Carter Cromsie is caught stealing 2nd base 2-4
1-0: Ball
2-0: Foul Ball, location: 2F
2-1: Foul Ball, location: 2F
2-2: Ball
3-2: SINGLE (Line Drive, 8RS, EV 107.5 MPH)
Batting: RHB Mike Batko 0-0: Foul Ball, location: 2F
0-1: Ball
1-1: Called Strike
1-2: Ball
2-2: SINGLE (Groundball, 56D, EV 98.8 MPH)
Larry Brocato to second
Batting: RHB Joel Vazquez 0-0: Called Strike
0-1: Swinging Strike
0-2: Ball
1-2: Ball
2-2: SINGLE (Groundball, 34D, EV 100.6 MPH)
Larry Brocato to third
Mike Batko to second
Runner from 3rd tries for Home, throw by RF and OUT! 9-2
Top of the 1st over - 0 runs, 3 hits, 0 errors, 2 left on base; Greenville 0 - Cedar Rapids 0
BOTTOM OF THE 1ST
Cedar Rapids Kernels batting - Pitching for Greenville Drive : RHP Andy Garvin
Pitching: RHP Andy Garvin
Batting: SHB Matt Urbani 0-0: Called Strike
0-1: Foul Ball, location: 2F
0-2: Ball
1-2: Strikes out swinging
Batting: LHB David Campbell 0-0: Ball
1-0: Foul Ball, location: 2F
1-1: Ball
2-1: Ground out 6-3 (Groundball, 6S, EV 62.5 MPH)
Batting: RHB Sean Gould 0-0: Ball
1-0: Foul Ball, location: 2F
1-1: Swinging Strike
1-2: DOUBLE (Line Drive, 7LS, EV 95.0 MPH)
Batting: SHB Dan Morataya 0-0: Swinging Strike
0-1: Ball
1-1: Called Strike
1-2: Ball
2-2: Ball
3-2: Base on Balls
Batting: LHB Israel Montoya 0-0: Called Strike
0-1: Foul Ball, location: 2F
0-2: Strikes out swinging
Bottom of the 1st over - 0 runs, 1 hit, 0 errors, 2 left on base; Greenville 0 - Cedar Rapids 0
TOP OF THE 2ND
Greenville Drive batting - Pitching for Cedar Rapids Kernels : LHP David Gordon
Batting: RHB Ted Emmerich 0-0: Ball
1-0: Ball
2-0: SINGLE (Groundball, 4M, EV 106.2 MPH) (infield hit)
Batting: RHB Andy Garvin 0-0: Ball
1-0: Foul Ball, location: 2F
1-1: Called Strike
1-2: Ball
2-2: Strikes out swinging
Batting: RHB Joe Sandoval 0-0: Ball
1-0: Ball
2-0: Ball
3-0: Called Strike
3-1: Swinging Strike
3-2: Base on Balls
Ted Emmerich to second
Batting: SHB Greg Shaw 0-0: Ball
1-0: Foul Ball, location: 2F
1-1: Swinging Strike
1-2: Strikes out swinging
Batting: RHB David Norum 0-0: Foul Ball, location: 2F
0-1: Ball
1-1: Swinging Strike
1-2: Ball
2-2: Strikes out swinging
Top of the 2nd over - 0 runs, 1 hit, 0 errors, 2 left on base; Greenville 0 - Cedar Rapids 0
BOTTOM OF THE 2ND
Cedar Rapids Kernels batting - Pitching for Greenville Drive : RHP Andy Garvin
Batting: RHB Ryan Gautney 0-0: Called Strike
0-1: Foul Ball, location: 2F
0-2: Ball
1-2: Ball
2-2: SINGLE (Groundball, 6MD, EV 103.8 MPH)
Batting: RHB Tony Crespo 0-0: Ball
1-0: Ball
2-0: Ball
3-0: Called Strike
3-1: Foul Ball, location: 2F
3-2: Base on Balls
Ryan Gautney to second
Batting: LHB Bill Young 0-0: Called Strike
0-1: Foul Ball, location: 2F
0-2: Strikes out swinging
Batting: LHB Seung-jun Chang 0-0: Foul Ball, location: 2F
0-1: Ball
1-1: Ball
2-1: Swinging Strike
2-2: Foul Ball, location: 2F
2-2: Fly out, F7 (Flyball, 78M, EV 94.4 MPH)
Batting: SHB Matt Urbani 0-0: Called Strike
0-1: Swinging Strike
0-2: Ball
1-2: Fly out, F4 (Line Drive, 4, EV 66.9 MPH)
Bottom of the 2nd over - 0 runs, 1 hit, 0 errors, 2 left on base; Greenville 0 - Cedar Rapids 0
TOP OF THE 3RD
Greenville Drive batting - Pitching for Cedar Rapids Kernels : LHP David Gordon
Batting: SHB Carter Cromsie 0-0: Ball
1-0: Called Strike
1-1: Ball
2-1: Ground out 4-3 (Groundball, 4, EV 83.1 MPH)
Batting: RHB Larry Brocato 0-0: Ball
1-0: Foul Ball, location: 2F
1-1: Swinging Strike
1-2: Foul Ball, location: 2F
1-2: Ball
2-2: Ground out 6-3 (Groundball, 6, EV 80.6 MPH)
Batting: RHB Mike Batko 0-0: Swinging Strike
0-1: Ball
1-1: Called Strike
1-2: Ground out 6-3 (Groundball, 6, EV 108.1 MPH)
Top of the 3rd over - 0 runs, 0 hits, 0 errors, 0 left on base; Greenville 0 - Cedar Rapids 0
BOTTOM OF THE 3RD
Cedar Rapids Kernels batting - Pitching for Greenville Drive : RHP Andy Garvin
Batting: LHB David Campbell 0-0: Foul Ball, location: 2F
0-1: Foul Ball, location: 2F
0-2: Foul Ball, location: 2F
0-2: Ball
1-2: SINGLE (Groundball, 3D, EV 96.2 MPH)
Batting: RHB Sean Gould 0-0: Ball
Wild Pitch!
David Campbell to second
1-0: Ball
2-0: Called Strike
2-1: SINGLE (Groundball, 6D, EV 101.9 MPH)
David Campbell to third
Batting: SHB Dan Morataya 0-0: Called Strike
0-1: Reached on error, E4 (Groundball, 4, EV 105.0 MPH)
David Campbell scores
Sean Gould to second
Batting: LHB Israel Montoya 0-0: Ball
1-0: Ball
2-0: Called Strike
2-1: Swinging Strike
2-2: Foul Ball, location: 2F
2-2: Ball
3-2: Strikes out looking
Batting: RHB Ryan Gautney 0-0: Ball
1-0: Foul Ball, location: 2F
1-1: Ball
2-1: Called Strike
2-2: Foul Ball, location: 2F
2-2: Strikes out swinging
Batting: RHB Tony Crespo 0-0: Ball
1-0: Swinging Strike
1-1: Ball
2-1: Called Strike
2-2: Fielders Choice at 2nd, 5-4 (Groundball, 56, EV 89.4 MPH)
Bottom of the 3rd over - 1 run, 2 hits, 1 error, 2 left on base; Greenville 0 - Cedar Rapids 1
TOP OF THE 4TH
Greenville Drive batting - Pitching for Cedar Rapids Kernels : LHP David Gordon
Batting: RHB Joel Vazquez 0-0: Called Strike
0-1: Foul Ball, location: 2F
0-2: Ball
1-2: Ball
2-2: Ground out 6-3 (Groundball, 6, EV 98.1 MPH)
Batting: RHB Ted Emmerich 0-0: Called Strike
0-1: Called Strike
0-2: Ball
1-2: Strikes out swinging
Batting: RHB Andy Garvin 0-0: Ball
1-0: Called Strike
1-1: Ball
2-1: Foul Ball, location: 2F
2-2: Fly out, F8 (Flyball, 8LD, EV 93.1 MPH)
Top of the 4th over - 0 runs, 0 hits, 0 errors, 0 left on base; Greenville 0 - Cedar Rapids 1
BOTTOM OF THE 4TH
Cedar Rapids Kernels batting - Pitching for Greenville Drive : RHP Andy Garvin
Batting: LHB Bill Young 0-0: Called Strike
0-1: Ball
1-1: Ball
2-1: Ball
3-1: Ground out 6-3 (Groundball, 6, EV 83.1 MPH)
Batting: LHB Seung-jun Chang 0-0: Ball
1-0: Ball
2-0: Ball
3-0: Base on Balls
Batting: SHB Matt Urbani 0-0: Swinging Strike
0-1: Fielders Choice at 2nd, 3-6 (Groundball, 3S, EV 88.8 MPH)
Batting: LHB David Campbell 0-0: Called Strike
0-1: Foul Ball, location: 2F
0-2: Ball
1-2: Ball
2-2: Ball
3-2: Fly out, F9 (Flyball, 89M, EV 83.8 MPH)
Bottom of the 4th over - 0 runs, 0 hits, 0 errors, 1 left on base; Greenville 0 - Cedar Rapids 1
TOP OF THE 5TH
Greenville Drive batting - Pitching for Cedar Rapids Kernels : LHP David Gordon
Batting: RHB Joe Sandoval 0-0: Foul Ball, location: 2F
0-1: Called Strike
0-2: Ball
1-2: Strikes out swinging
Pitching: RHP Scot Abbott
Batting: SHB Greg Shaw 0-0: Called Strike
0-1: Fly out, F8 (Flyball, 8RD, EV 101.2 MPH)
Batting: RHB David Norum 0-0: Hit by Pitch
Batting: SHB Carter Cromsie 0-0: Ball
1-0: Ball
David Norum steals 2nd, throwing error, E2
David Norum to third
2-0: Swinging Strike
2-1: Foul Ball, location: 2F
2-2: Ball
3-2: Strikes out swinging
Top of the 5th over - 0 runs, 0 hits, 1 error, 1 left on base; Greenville 0 - Cedar Rapids 1
BOTTOM OF THE 5TH
Cedar Rapids Kernels batting - Pitching for Greenville Drive : RHP Andy Garvin
Pitching: RHP Wing-chiu Ya
Batting: RHB Sean Gould 0-0: Called Strike
0-1: Ball
1-1: SINGLE (Line Drive, 56D, EV 99.4 MPH)
Batting: SHB Dan Morataya 0-0: Foul Ball, location: 2F
0-1: Ball
1-1: Ball
2-1: Ball
3-1: DOUBLE (Line Drive, 89D, EV 106.9 MPH)
Sean Gould to third
Batting: LHB Israel Montoya 0-0: SINGLE (Flyball, 89S, EV 93.1 MPH)
Sean Gould scores
Dan Morataya to third
Batting: RHB Ryan Gautney 0-0: Ball
1-0: SINGLE (Flyball, 9LM, EV 95.6 MPH)
Dan Morataya scores
Israel Montoya to second
Runner from 2nd tries for 3rd, OUT! 9-5
Ryan Gautney to second
Batting: RHB Tony Crespo 0-0: SINGLE (Groundball, 6MD, EV 98.8 MPH)
Ryan Gautney to third
Batting: LHB Bill Young 0-0: Ball
Tony Crespo is caught stealing 2nd base 2-6
1-0: Foul Ball, location: 2F
1-1: Swinging Strike
1-2: Ball
2-2: Ball
3-2: Ground out 4-3 (Groundball, 4, EV 105.0 MPH)
Bottom of the 5th over - 2 runs, 5 hits, 0 errors, 1 left on base; Greenville 0 - Cedar Rapids 3
TOP OF THE 6TH
Greenville Drive batting - Pitching for Cedar Rapids Kernels : RHP Scot Abbott
Batting: RHB Larry Brocato 0-0: Foul Ball, location: 2F
0-1: DOUBLE (Groundball, 5L, EV 106.2 MPH)
Batting: RHB Mike Batko 0-0: Swinging Strike
0-1: Foul Ball, location: 2F
0-2: Ball
1-2: DOUBLE (Groundball, 5L, EV 96.2 MPH)
Larry Brocato scores
Pinch Hitting: LHB Nelis Geurts 0-0: Ball
1-0: Foul Ball, location: 2F
1-1: Swinging Strike
1-2: Ball
2-2: Ground out 6-3 (Groundball, 6, EV 92.5 MPH)
Mike Batko to third
Pinch Hitting: LHB Danny Montoya 0-0: Ground out U3 (Groundball, 34D, EV 99.4 MPH)
Mike Batko scores
Batting: RHB Andy Garvin 0-0: Ball
1-0: Called Strike
1-1: Ground out 6-3 (Groundball, 6, EV 106.2 MPH)
Top of the 6th over - 2 runs, 2 hits, 0 errors, 0 left on base; Greenville 2 - Cedar Rapids 3
BOTTOM OF THE 6TH
Cedar Rapids Kernels batting - Pitching for Greenville Drive : RHP Wing-chiu Ya
Now at 3B: Victor Orozco
Now in CF: Nick Spiller
Batting: LHB Seung-jun Chang 0-0: Ball
1-0: Foul Ball, location: 2F
1-1: SOLO HOME RUN (Flyball, 9LD, EV 88.8 MPH), Distance : 332 ft
Pitching: LHP Mark Palomo
Batting: SHB Matt Urbani 0-0: Ball
1-0: Called Strike
1-1: Ball
2-1: Called Strike
2-2: Ball
3-2: SINGLE (Groundball, 6D, EV 97.5 MPH)
Batting: LHB David Campbell 0-0: Ball
1-0: Grounds into double play, 3-6-1 (Groundball, 3, EV 105.6 MPH)
Batting: RHB Sean Gould 0-0: Ball
1-0: Called Strike
1-1: Ground out 6-3 (Groundball, 6, EV 75.6 MPH)
Bottom of the 6th over - 1 run, 2 hits, 0 errors, 0 left on base; Greenville 2 - Cedar Rapids 4
TOP OF THE 7TH
Greenville Drive batting - Pitching for Cedar Rapids Kernels : RHP Scot Abbott
Pitching: RHP Bruce Wight
Batting: RHB Joe Sandoval 0-0: Called Strike
0-1: Ball
1-1: Ball
2-1: Swinging Strike
2-2: Strikes out swinging
Batting: SHB Greg Shaw 0-0: SINGLE (Flyball, 6D, EV 93.8 MPH)
Batting: RHB David Norum 0-0: Ball
1-0: Foul Ball, location: 2F
1-1: Swinging Strike
1-2: Foul Ball, location: 2F
1-2: Strikes out swinging
Batting: SHB Carter Cromsie 0-0: Called Strike
0-1: Ball
1-1: Ball
2-1: Foul Ball, location: 2F
2-2: Ball
3-2: Foul Ball, location: 2F
3-2: DOUBLE (Flyball, 9LD, EV 106.2 MPH)
Greg Shaw to third
Greg Shaw scores
Batting: RHB Larry Brocato 0-0: Swinging Strike
0-1: Foul Ball, location: 2F
0-2: Strikes out swinging
Top of the 7th over - 1 run, 2 hits, 0 errors, 1 left on base; Greenville 3 - Cedar Rapids 4
BOTTOM OF THE 7TH
Cedar Rapids Kernels batting - Pitching for Greenville Drive : LHP Mark Palomo
Pitching: RHP Juan Mejia
Batting: SHB Dan Morataya 0-0: Ball
1-0: Foul Ball, location: 2F
1-1: Ball
2-1: Foul Ball, location: 2F
2-2: Ground out 4-3 (Groundball, 4, EV 90.6 MPH)
Batting: LHB Israel Montoya 0-0: Called Strike
0-1: Swinging Strike
0-2: Strikes out swinging
Batting: RHB Ryan Gautney 0-0: Ball
1-0: Ground out 5-3 (Groundball, 56S, EV 78.1 MPH)
Bottom of the 7th over - 0 runs, 0 hits, 0 errors, 0 left on base; Greenville 3 - Cedar Rapids 4
TOP OF THE 8TH
Greenville Drive batting - Pitching for Cedar Rapids Kernels : RHP Bruce Wight
Pitching: RHP Steven Legge
Batting: RHB Mike Batko 0-0: Ground out 6-3 (Groundball, 6, EV 91.2 MPH)
Batting: RHB Nick Spiller 0-0: Ball
1-0: DOUBLE (Line Drive, 9LS, EV 93.1 MPH)
Pinch Hitting: LHB John Criswell 0-0: DOUBLE (Line Drive, 8LXD, EV 103.8 MPH)
Nick Spiller scores
Batting: RHB Andy Garvin 0-0: Foul Ball, location: 2F
0-1: Ball
1-1: Swinging Strike
1-2: Foul Ball, location: 2F
1-2: Ball
Passed Ball!
John Criswell to third
2-2: Fly out, F9 (Line Drive, 9S, EV 84.4 MPH)
Lined into DP, 9-5 (Line Drive, 9S, EV 84.4 MPH)
Top of the 8th over - 1 run, 2 hits, 0 errors, 0 left on base; Greenville 4 - Cedar Rapids 4
BOTTOM OF THE 8TH
Cedar Rapids Kernels batting - Pitching for Greenville Drive : RHP Juan Mejia
Now at 2B: David Norum
Now at 3B: Mike Batko
Now in LF: John Criswell
Pinch Hitting: LHB Ho-win Zhou 0-0: Ball
1-0: Ball
2-0: Called Strike
2-1: Ground out U3 (Groundball, 34, EV 105.6 MPH)
Batting: LHB Bill Young 0-0: Ball
1-0: DOUBLE (Groundball, 3L, EV 108.1 MPH)
Batting: LHB Seung-jun Chang 0-0: Ball
1-0: Ground out 1-3 (Groundball, 13S, EV 66.9 MPH)
Bill Young to third
Batting: SHB Matt Urbani 0-0: Foul Ball, location: 2F
0-1: Ball
1-1: Foul Ball, location: 2F
1-2: Foul Ball, location: 2F
1-2: Strikes out swinging
Bottom of the 8th over - 0 runs, 1 hit, 0 errors, 1 left on base; Greenville 4 - Cedar Rapids 4
TOP OF THE 9TH
Greenville Drive batting - Pitching for Cedar Rapids Kernels : RHP Steven Legge
Now in LF: Ho-win Zhou
Now in CF: Israel Montoya
Batting: RHB Joe Sandoval 0-0: Called Strike
0-1: Ball
1-1: Called Strike
1-2: Foul Ball, location: 2F
1-2: Ball
2-2: Foul Ball, location: 2F
2-2: Foul Ball, location: 2F
2-2: TRIPLE (Flyball, 8RXD, EV 103.8 MPH)
Batting: SHB Greg Shaw 0-0: Ball
1-0: Foul Ball, location: 2F
1-1: Ground out 5-3 (Groundball, 5, EV 99.4 MPH)
Batting: RHB David Norum 0-0: Squeeze Bunt to 13 - play home, runner OUT, batter safe! 1-2
Batting: SHB Carter Cromsie 0-0: Called Strike
0-1: Ball
David Norum steals 2nd base
1-1: Intentional Walk
Batting: RHB Larry Brocato 0-0: Ground out 1-3 (Groundball, P, EV 71.9 MPH)
Top of the 9th over - 0 runs, 1 hit, 0 errors, 2 left on base; Greenville 4 - Cedar Rapids 4
BOTTOM OF THE 9TH
Cedar Rapids Kernels batting - Pitching for Greenville Drive : RHP Juan Mejia
Pitching: RHP Roberto Morales
Batting: LHB David Campbell 0-0: Called Strike
0-1: Swinging Strike
0-2: Ball
1-2: Ball
2-2: Fly out, F8 (Flyball, 89M, EV 83.8 MPH)
Batting: RHB Sean Gould 0-0: Swinging Strike
0-1: Ball
1-1: Fly out, F8 (Flyball, 8RD, EV 109.4 MPH)
Batting: SHB Dan Morataya 0-0: Foul Ball, location: 2F
0-1: SOLO HOME RUN (Line Drive, 7D, EV 93.8 MPH), Distance : 367 ft
Bottom of the 9th over - 1 run, 1 hit, 0 errors, 0 left on base; Greenville 4 - Cedar Rapids 5
Tuesday, September 13th , 2022 - OOTP Baseball 23.7 Build 88